 Dungeon Crawl Stone Soup version 0.22.0 (webtiles) character file.

20037 Flugkiller the Schismatic (level 12, -1/104 HPs)
             Began as a Hill Orc Abyssal Knight on Aug 11, 2018.
             Was an Elder of Lugonu.
             Slain by a spiny frog (8 damage)
             ... on level 1 of the Lair of Beasts.
             The game lasted 00:20:38 (11940 turns).

Flugkiller the Schismatic (HOAK)                   Turns: 11940, Time: 00:20:39

Health: -1/104     AC: 17    Str: 20    XL:     12   Next: 75%
Magic:  22/22      EV:  4    Int: 12    God:    Lugonu [****..]
Gold:   559        SH:  8    Dex: 10    Spells: 11/11 levels left

rFire    . . .     SeeInvis +   a - +0 broad axe
rCold    . . .     Gourm    .   F - +0 shield
rNeg     . . .     Faith    .   G - +0 plate armour (curse)
rPois    .         Spirit   .   z - +0 helmet
rElec    .         Reflect  .   J - scarf {repulsion}
rCorr    .         Harm     .   m - +0 pair of gloves
MR       +....                  o - +0 pair of boots
Stlth    ..........             v - amulet of regeneration
HPRegen  0.67/turn              t - ring of protection from magic
MPRegen  0.18/turn              u - ring of see invisible

@: lethally poisoned (-1 -> -8), repel missiles
A: no striking features
a: Depart the Abyss, Bend Space, Banish, Corrupt, Renounce Religion


You were on level 1 of the Lair of Beasts.
You worshipped Lugonu.
Lugonu was greatly pleased with you.
You were not hungry.

You visited 2 branches of the dungeon, and saw 11 of its levels.
You visited the Abyss 1 time.
You also visited: Sewer and Bailey.

You collected 559 gold pieces.

Inventory:

Hand Weapons
 a - a +0 broad axe (weapon)
 C - a +1 war axe
Missiles
 d - 4 poisoned tomahawks (quivered)
Armour
 m - a +0 pair of gloves (worn)
 o - a +0 pair of boots (worn)
 r - a +0 cloak
 z - a +0 helmet (worn)
 F - a +0 shield (worn)
 G - a cursed +0 plate armour (worn)
 J - a scarf of repulsion (worn)
 N - the cursed +0 chain mail "Pikhauv" {rF+}
   (You found it on level 9 of the Dungeon)

   It protects you from fire.
   It has a curse placed upon it.
Jewellery
 t - a ring of protection from magic (left hand)
 u - a ring of see invisible (right hand)
 v - an amulet of regeneration (around neck)
 B - an uncursed amulet of guardian spirit {unknown}
 H - an uncursed ring of resist corrosion
Wands
 I - a wand of paralysis (14)
Scrolls
 g - a scroll of fog
 h - 2 scrolls of enchant armour
 j - 2 scrolls of immolation
 k - 2 scrolls of teleportation
 l - 3 scrolls of identify
 n - a scroll of amnesia
 p - 2 scrolls of enchant weapon
 x - a scroll of fear {unknown}
 y - 3 scrolls of remove curse
 A - a scroll of blinking
 D - a scroll of holy word {unknown}
 K - a scroll of torment {unknown}
Potions
 b - a potion of flight
 e - 2 potions of magic
 f - a potion of lignification
 i - 3 potions of cancellation
 s - 2 potions of mutation
 w - 3 potions of brilliance
 E - 4 potions of curing
 L - 2 potions of resistance
 M - a potion of agility
Miscellaneous
 O - a phantom mirror
 P - a sack of spiders
Comestibles
 c - 14 rations
 q - 12 chunks of flesh


   Skills:
 + Level 9.1 Fighting
 * Level 12.7 Axes
 + Level 7.8 Armour
 - Level 0.9 Dodging
 + Level 1.7 Shields
 + Level 13.9 Invocations
 - Level 10.1 Evocations


You had 11 spell levels left.
You didn't know any spells.
Your spell library contained the following spells:

 Spells                   Type           Power        Failure   Level  Hunger
 Apportation              Tloc           #.....       100%        1    ##.....
 Invisibility             Hex            #.......     100%        6    #######
 Tukima's Dance           Hex            #.......     100%        3    ####...
 Summon Butterflies       Summ           #.......     100%        1    ##.....
 Alistair's Intoxication  Tmut/Pois      #.......     100%        5    ######.
 Lesser Beckoning         Tloc           #.........   100%        3    ####...


Dungeon Overview and Level Annotations

Branches:
Dungeon (10/15)            Temple (0/1) D:5            Lair (1/6) D:8
    Orc: D:9-12

Altars:
Dithmenos
Elyvilon
Fedhas
Hepliaklqana
Makhleb
Okawaru
Sif Muna
Trog
Uskayaw
Vehumet
Wu Jian
Xom
The Shining One
Beogh

Shops:
D:8 *}!(

Annotations:
D:6 2 transporters, AIAndy's ghost, novice MiFi
D:8 3 runed doors, Schimscham's ghost, novice OpFE
Lair:1 1 runed door, dracos369's ghost, journeyman TeAE


Message History

The spiny frog stings you.
The spiny frog stings you but does no damage.
You hit the spiny frog.
The spiny frog is severely wounded.
You feel very sick. You block the spiny frog's attack.
You feel better. The spiny frog stings you.
You slash the spiny frog!
The spiny frog is almost dead.
The spiny frog stings you!
* * * LOW HITPOINT WARNING * * *
You are poisoned.
The spiny frog poisons you!
You closely miss the spiny frog.
The spiny frog is almost dead.
You feel very sick. The spiny frog stings you!
* * * LOW HITPOINT WARNING * * *
The spiny frog stings you!
You die...

#.....## (.... #.....#
..... #.....#######
...... #............
...... ##............
......#####.............
......................##
.....................#..
......F@%......[.....#..
.........>...##.###..+..
.......#P##.รท#....#.....
####...####.......#...#P
##.. #..#....#..... #..
#..#....#..... #.. #...
......... #.. ...#....#.
... .... ..+ ...


You could see a spiny frog.

Vanquished Creatures
  Pikel (D:7)
  A spiny frog (Lair:1)
  Prince Ribbit (D:7)
  A hippogriff (D:7)
  A spriggan (D:8)
  5 yaks (Lair:1)
  A steam dragon (D:10)
  A water moccasin (D:10)
  A porcupine (Lair:1)
  An ice beast (D:7)
  2 slaves
  5 orc warriors
  2 phantoms
  2 necrophages (D:9)
  2 ogres
  3 wolves (D:8)
  5 centaurs
  7 bullfrogs
  2 big kobolds (Sewer)
  A wyvern zombie (D:9)
  2 scorpions
  6 killer bees
  2 wights (D:9)
  3 electric eels (D:8)
  A howler monkey (D:9)
  A crimson imp (D:6)
  A centaur zombie (D:8)
  3 hounds
  A bullfrog skeleton (D:9)
  2 bullfrog zombies
  3 centaur skeletons
  An orc priest (D:8)
  2 jellies
  An orc wizard (D:8)
  3 iguanas
  8 worker ants
  A howler monkey zombie (D:9)
  9 gnolls
  2 worker ant zombies
  20 adders
  6 river rats
  2 shadow imps
  2 oozes
  3 adder skeletons
  An adder zombie (D:9)
  8 worms
  A dart slug (D:2)
  6 leopard geckos
  19 orcs
  9 ball pythons
  A giant cockroach (D:8)
  16 goblins
  11 hobgoblins
  4 jackals
  3 quokkas
  4 bats (D:1)
  4 frilled lizards
  A jackal zombie (D:9)
  29 kobolds
  A quokka zombie (D:9)
  15 rats
  A plant (Lair:1)
264 creatures vanquished.

Vanquished Creatures (others)
  An orc warlord (Bailey)
  A komodo dragon (D:8)
  A goblin (Bailey)
  3 kobolds (Bailey)
6 creatures vanquished.

Grand Total: 270 creatures vanquished

Notes
Turn   | Place    | Note
-------+----------+-------------------------------------------
     0 | Abyss:1  | Flugkiller the Hill Orc Abyssal Knight began the quest for the Orb.
     0 | Abyss:1  | Reached XP level 1. HP: 19/19 MP: 2/2
    17 | D:1      | Escaped the Abyss
   266 | D:1      | Reached * piety under Lugonu
   266 | D:1      | Reached XP level 2. HP: 24/27 MP: 3/3
   482 | D:1      | Reached XP level 3. HP: 23/33 MP: 5/5
   659 | D:1      | Reached skill level 3 in Invocations
  1802 | D:2      | Reached XP level 4. HP: 37/40 MP: 6/6
  2276 | D:2      | Reached XP level 5. HP: 45/47 MP: 7/7
  2287 | D:2      | Reached ** piety under Lugonu
  2715 | D:3      | Found an iron altar of Okawaru.
  2816 | D:3      | Found an ornate altar of the Wu Jian Council.
  3082 | D:4      | Reached skill level 5 in Axes
  3082 | D:4      | Reached skill level 4 in Invocations
  3126 | D:4      | Reached XP level 6. HP: 33/53 MP: 9/9
  3977 | D:5      | Entered Level 5 of the Dungeon
  3985 | D:5      | Found a bloodstained altar of Trog.
  3986 | D:5      | Found an iron altar of Okawaru.
  4227 | D:5      | Reached skill level 5 in Fighting
  4261 | D:5      | Noticed a sky beast
  4521 | D:5      | Reached XP level 7. HP: 44/61 MP: 10/10
  4601 | D:5      | Found a glowing drain.
  4605 | Sewer    | Entered a sewer
  4832 | Sewer    | Reached skill level 5 in Invocations
  5217 | Sewer    | Reached *** piety under Lugonu
  5618 | D:5      | Found a staircase to the Ecumenical Temple.
  6162 | D:6      | Reached XP level 8. HP: 64/70 MP: 12/12
  6174 | D:6      | Found a transporter.
  6175 | D:6      | Noticed AIAndy's ghost (novice MiFi)
  6176 | D:6      | Found a transporter.
  6555 | D:6      | Found a burning altar of Makhleb.
  6562 | D:6      | Found a glowing golden altar of the Shining One.
  6569 | D:6      | Found a radiant altar of Vehumet.
  6574 | D:6      | Found a shadowy altar of Dithmenos.
  6581 | D:6      | Found a hide-covered altar of Uskayaw.
  6586 | D:6      | Found a white marble altar of Elyvilon.
  6597 | D:6      | Found a blossoming altar of Fedhas.
  6836 | D:6      | Reached skill level 5 in Armour
  7079 | D:7      | Reached skill level 6 in Invocations
  7152 | D:7      | Reached **** piety under Lugonu
  7518 | D:7      | Noticed Prince Ribbit
  7765 | D:7      | Killed Prince Ribbit
  7765 | D:7      | Reached XP level 9. HP: 53/79 MP: 12/14
  7982 | D:7      | Reached skill level 7 in Invocations
  8139 | D:7      | Reached skill level 10 in Axes
  8524 | D:7      | Noticed Pikel
  8546 | D:7      | Killed Pikel
  8714 | D:8      | Found Epue's Gadget Boutique.
  8740 | D:8      | Found a staircase to the Lair.
  8842 | D:8      | Found Niajuz's Assorted Antiques.
  9114 | D:8      | Found Zahiwo Peyts's Weapon Boutique.
  9131 | D:8      | Reached skill level 8 in Invocations
  9157 | D:8      | Found a shimmering altar of Xom.
  9158 | D:8      | Found a hazy altar of Hepliaklqana.
  9159 | D:8      | Noticed a spectral ugly thing
  9248 | D:8      | Reached skill level 1 in Evocations
  9321 | D:8      | Found a deep blue altar of Sif Muna.
  9534 | D:8      | Reached XP level 10. HP: 88/88 MP: 16/16
  9570 | D:8      | Found a runed gate.
  9570 | D:8      | Found a runed gate.
  9571 | D:8      | Found a runed gate.
  9572 | D:8      | Noticed Schimscham's ghost (novice OpFE)
  9580 | D:8      | Found a roughly hewn altar of Beogh.
  9585 | D:8      | Found Myennolu's Distillery.
 10083 | D:9      | Found a blossoming altar of Fedhas.
 10182 | D:9      | Found a flagged portal.
 10198 | Bailey   | Entered a bailey
 10203 | Bailey   | Noticed an orc warlord
 10243 | Bailey   | Reached ***** piety under Lugonu
 10414 | Bailey   | Found a runed gate.
 10415 | Bailey   | Found a runed gate.
 10416 | Bailey   | Found a runed gate.
 10586 | Bailey   | Corrupted Bailey
 10586 | Bailey   | Noticed a rust devil
 10599 | Bailey   | Killed an orc warlord
 10599 | Bailey   | Reached skill level 9 in Invocations
 10760 | D:9      | Reached skill level 10 in Evocations
 10760 | D:9      | Reached XP level 11. HP: 95/95 MP: 16/18
 10761 | D:9      | Reached skill level 13 in Invocations
 10761 | D:9      | Reached XP level 12. HP: 103/103 MP: 16/22
 11180 | D:9      | Got a shimmering chain mail
 11181 | D:9      | Identified the cursed +0 chain mail "Pikhauv" {rF+} (You found it on level 9 of the Dungeon)
 11386 | D:10     | Entered Level 10 of the Dungeon
 11511 | Lair:1   | Entered Level 1 of the Lair of Beasts
 11535 | D:8      | Reached skill level 1 in Shields
 11760 | Lair:1   | Found a runed door.
 11760 | Lair:1   | Found a shimmering altar of Xom.
 11760 | Lair:1   | Noticed dracos369's ghost (journeyman TeAE)
 11940 | Lair:1   | Slain by a spiny frog

Skill      XL: |  1  2  3  4  5  6  7  8  9 10 11 12 |
---------------+-------------------------------------+-----
Axes           | 3 4 5 6 7 9 11 12 | 12.7
Invocations    | 3 4 5 6 8 9 13 | 13.9
Fighting       | 4 5 7 8 9 |  9.1
Armour         | 3 4 5 6 7 |  7.8
Evocations     | 1 10 | 10.1
Shields        | 1 |  1.7
Dodging        | |  0.9

Action                   |  1- 3 |  4- 6 |  7- 9 | 10-12 || total
-------------------------+-------+-------+-------+-------++-------
Melee: Hand axe          |   141 |   188 |       |       ||   329
       War axe           |       |    71 |   594 |   194 ||   859
       Broad axe         |       |       |       |   162 ||   162
Invok: Depart the Abyss  |     1 |       |       |       ||     1
       Bend Space        |       |     1 |       |     1 ||     2
       Corrupt           |       |       |       |     1 ||     1
       Banish            |       |       |       |     1 ||     1
Evoke: Wand              |       |       |       |     1 ||     1
  Use: Potion            |       |     3 |     1 |     5 ||     9
       Scroll            |       |     6 |    13 |     8 ||    27
  Eat: Ration            |     1 |     1 |       |     1 ||     3
       Chunk             |       |     7 |    16 |     8 ||    31
Armor: Leather armour    |     8 |       |       |       ||     8
       Scale mail        |    36 |       |       |       ||    36
       Chain mail        |    35 |   167 |   271 |       ||   473
       Plate armour      |       |       |   118 |   319 ||   437
Dodge: Dodged            |    62 |    91 |   208 |    87 ||   448
       Deflected         |       |       |       |    42 ||    42
Block: Shield            |       |       |       |    65 ||    65
